 Dungeon Crawl Stone Soup version 0.30-a0-691-g754fce4c43 (webtiles) character file.

Game seed: 11575546150803606470

338 wormed the Caller (level 6, -3/41 HPs)
             Began as a Demonspawn Summoner on Jan 20, 2023.
             Slain by a bullfrog (6 damage)
             ... in a sewer.
             The game lasted 00:07:57 (3302 turns).

wormed the Caller (Demonspawn Summoner)             Turns: 3302, Time: 00:07:58

Health: -3/41      AC:  2    Str:  8    XL:     6   Next: 29%
Magic:  8/11       EV: 12    Int: 18    God:
Gold:   123        SH:  0    Dex: 16    Spells: 5/12 levels left

rFire   . . .      SeeInvis .    (no weapon)
rCold   . . .      Faith    .    (no shield)
rNeg    . . .      Spirit   .    a - +0 robe
rPois   .          Reflect  .    (no helmet)
rElec   .          Harm     .    (no cloak)
rCorr   .          Rampage  .    (no gloves)
Will    .....                    (no boots)
Stlth   ++                       (no amulet)
HPRegen 0.26/turn                (no ring)
MPRegen 0.12/turn                (no ring)

@: very slightly contaminated, very slow
A: claws 1, thin skeletal structure 1, powered by pain 1, demonic magic 1
a: no special abilities


You were in a sewer.
You visited 1 branch of the dungeon, and saw 3 of its levels.
You also visited: Sewer.

You collected 123 gold pieces.

Inventory:

Missiles
 d - a throwing net (quivered)
Armour
 a - a +0 robe (worn)
Scrolls
 e - a scroll of identify
 g - a scroll of enchant weapon {unknown}
 i - a scroll of torment {unknown}
 j - a scroll of teleportation
 k - a scroll of brand weapon {unknown}
Potions
 b - a potion of magic
 c - a potion of cancellation {unknown}
 f - 3 potions of brilliance
 h - 3 potions of flight
 l - 2 potions of attraction {unknown}


   Skills:
 - Level 1.8 Dodging
 - Level 1.8 Stealth
 + Level 3.8 Spellcasting
 + Level 3.4 Hexes
 + Level 5.4 Summonings


You had 5 spell levels left.
You knew the following spells:

 Your Spells              Type           Power      Damage    Failure   Level
a - Summon Small Mammal   Summ           92%        N/A       1%          1
b - Call Canine Familiar  Summ           23%        N/A       4%          3
c - Summon Guardian Gole  Hex/Summ       19%        N/A       7%          3

Your spell library contained the following spells:

 Spells                   Type           Power      Damage    Failure   Level
 Call Imp                 Summ           23%        N/A       2%          2
 Summon Lightning Spire   Summ/Air       13%        N/A       43%         4


Dungeon Overview and Level Annotations

Branches:
Dungeon (3/15)              Sewer (1/1)

Altars:


Innate Abilities, Weirdness & Mutations

You have sharp fingernails.
You have a somewhat thin skeletal structure. (Dex +2, Stealth+)
You sometimes gain a little power by taking damage.
Spells you cast may paralyse adjacent enemies.


Message History

Your guardian golem explodes!
The fiery explosion engulfs your hound!!
Your hound dies!
Your hound's corpse disappears in a puff of smoke!
The fiery explosion engulfs your rat!!!
Your rat dies!
Your rat's corpse disappears in a puff of smoke!
The fiery explosion engulfs the bullfrog!!
The bullfrog dies!
Why would you want to do that?
You feel sick.
You are no longer poisoned.
Your bat hits the bullfrog. The bullfrog hits your bat!
Your bat dies!
Your bat's corpse disappears in a puff of smoke!
Casting: Summon Small Mammal (safe; 1% risk of failure)
Confirm with . or Enter, or press ? or * to list all spells.
You miscast Call Canine Familiar.
You are very lightly contaminated with residual magic.
Nothing appears to happen.
The bullfrog hits you.
* * * LOW HITPOINT WARNING * * *
Casting: Call Canine Familiar (dangerous; 4% risk of failure)
Confirm with . or Enter, or press ? or * to list all spells.
You don't have enough magic to cast this spell.
Magic courses through your body. The bullfrog hits you.
* * * LOW HITPOINT WARNING * * *
Throw: 2 throwing nets
Press: ? - help, Q - select action, (/) - cycle Shift-Dir - straight line, f - bullfrog
Aim: a bullfrog (water, lightly wounded, 51% to hit)
You throw a throwing net. The throwing net hits the bullfrog.
The bullfrog is caught in the net!
The bullfrog is lightly wounded.
You hear a splash.
The bullfrog struggles against the net. x3
Casting: Call Canine Familiar (dangerous; 4% risk of failure)
Confirm with . or Enter, or press ? or * to list all spells.
Malevolent energies surge around you.
The bullfrog struggles against the net.
The net rips apart, and the bullfrog comes free!
The bullfrog hits you.
You die...

###################
###.#~~≈≈≈@~☼~§~≈≈~~#.
##...~~≈~~~Fh§§†≈†~≈~~.
#...†~~~~~~~#††§~~~~~~.
#....~~~~~~~§≈≈~~~~~#~.
##†..†~~~~~~≈≈≈≈≈~~~~~~.
#.....#~≈≈≈≈≈≈≈≈≈≈≈≈~~#.
#....##################
##...#### #....#h.#


You could see a bullfrog (ally target) and a friendly hound (summoned).

Vanquished Creatures
  Jessica (D:2)
  An adder (D:2)
  5 bats
  4 goblins
  A hobgoblin (D:2)
  A ball python (Sewer)
  2 frilled lizards (D:1)
  A kobold (D:1)
16 creatures vanquished.

Vanquished Creatures (collateral kills)
  3 gnolls (D:2)
  A river rat (Sewer)
  8 adders
  2 worms
  2 dart slugs
  An orc (D:3)
  16 ball pythons
  An endoplasm (Sewer)
  2 giant cockroaches
  5 hobgoblins
  4 jackals
  4 kobolds
  2 quokkas
  4 bats
  5 frilled lizards
  8 goblins
  27 rats
95 creatures vanquished.

Vanquished Creatures (others)
  A bullfrog (Sewer)
  Terence (D:2)
2 creatures vanquished.

Grand Total: 113 creatures vanquished

Notes
Turn   | Place    | Note
-------+----------+-------------------------------------------
     0 | D:1      | wormed the Demonspawn Summoner began the quest for the Orb.
     0 | D:1      | Reached XP level 1. HP: 13/13 MP: 3/3
   284 | D:1      | Gained mutation: You have sharp fingernails. [demonic
                  | ancestry]
   284 | D:1      | Reached XP level 2. HP: 19/19 MP: 1/5
   548 | D:1      | Reached skill level 1 in Hexes
   694 | D:1      | Gained mutation: Spells you cast may paralyse adjacent
                  | enemies. [demonic ancestry]
   694 | D:1      | Reached XP level 3. HP: 24/24 MP: 3/6
   707 | D:1      | Learned a level 3 spell: Call Canine Familiar
  1008 | D:1      | Learned a level 3 spell: Summon Guardian Golem
  1022 | D:2      | Noticed Jessica
  1195 | D:2      | Killed Jessica
  1196 | D:2      | Gained mutation: You have a somewhat thin skeletal
                  | structure. (Dex +2, Stealth+) [demonic ancestry]
  1196 | D:2      | Reached XP level 4. HP: 26/30 MP: 2/8
  1196 | D:2      | Noticed Terence
  1388 | D:2      | Killed Terence
  1628 | D:2      | Reached XP level 5. HP: 33/35 MP: 3/9
  1644 | D:2      | Reached skill level 5 in Summonings
  2609 | D:3      | Found a glowing drain.
  2731 | Sewer    | Entered a sewer
  3291 | Sewer    | Gained mutation: You sometimes gain a little power by
                  | taking damage. [demonic ancestry]
  3291 | Sewer    | Reached XP level 6. HP: 21/41 MP: 6/11
  3300 | Sewer    | HP: 2/41 [bullfrog (3)]
  3302 | Sewer    | Slain by a bullfrog

Illustrated notes

Levels and vault maps discovered:
D:1:      dpeg_arrival_morbid_curiosity, layout_basic, minmay_pentomino_v4
D:2:      layout_rooms, uniq_terence, uniq_jessica
D:3:      layout_loops_ring, cheibrodos_sewer_entry_bend,
          minmay_randomly_rotated_circles
Sewer:    sewer_minmay_w

Skill      XL: |  1  2  3  4  5 |
---------------+----------------+-----
Hexes          | 1 2 3 |  3.4
Spellcasting   | 3 |  3.8
Summonings     | 5 |  5.4
Dodging        | |  1.8
Stealth        | |  1.8

Action                   |  1- 3 |  4- 6 || total
-------------------------+-------+-------++-------
Melee: Unarmed           |    99 |    64 ||   163
Throw: Throwing net      |       |     1 ||     1
 Cast: Summon Small Mamm |    42 |    25 ||    67
       Call Canine Famil |     4 |    22 ||    26
       Summon Guardian G |       |     6 ||     6
  Use: Scroll            |       |    10 ||    10
       Potion            |       |     1 ||     1
 Stab: Paralysed         |     4 |    12 ||    16
       Distracted        |       |     1 ||     1
Armor: Robe              |    30 |     8 ||    38
Dodge: Dodged            |   114 |    68 ||   182

Table legend: (Time is in decaauts)
 A = Elapsed time spent in this place.
 B = Non-inter-level travel time spent in this place.
 C = Inter-level travel time spent in this place.
 D = Time resting spent in this place.
 E = Time spent auto-exploring this place.
 F = Levels seen in this place.
 G = Mean time per level.
                   A        B        C        D        E       F      G
               +--------+--------+--------+--------+--------+-----+--------+
         Total |   3351 |   3167 |    184 |    237 |   2087 |   4 |  837.8 |
       Dungeon |   2742 |   2558 |    184 |    237 |   1649 |   3 |  914.0 |
         Sewer |    609 |    609 |      0 |      0 |    438 |   1 |  609.0 |
               +--------+--------+--------+--------+--------+-----+--------+

Top non-repeatable levels by time:
     D:1: 1185 daAuts
     D:2: 1144 daAuts
   Sewer: 609 daAuts
     D:3: 413 daAuts
